 Dungeon Crawl Stone Soup version 0.31-a0-940-gdaa99269f9 (console) character file.

Game seed: 1334305124879584067

89084 jejorda2 the Cleaver (level 15, -1/122 HPs)
             Began as a Gnoll Berserker on Oct 20, 2023.
             Was a High Priest of Trog.
             Constricted to death by a naga warrior (5 damage)
             ... on level 2 of the Abyss.
             The game lasted 01:10:22 (27611 turns).

jejorda2 the Cleaver (Gnoll Berserker)             Turns: 27611, Time: 01:10:23

Health: -1/122     AC: 25    Str: 24      XL:     15   Next: 96%
Magic:  29/29      EV: 14    Int:  2      God:    Trog [*****.]
Gold:   1227       SH:  0    Dex: 11 (12) Spells: 35/35 levels left

rFire   + + +        a - +1 war axe (flame)
rCold   . . .        I - +0 kite shield
rNeg    . . .        H - +1 chain mail "Misorphu" {rPois rF+++ Int-4 SInv}
rPois   +            (no helmet)
rElec   .            B - +2 cloak
rCorr   .            (no gloves)
SInv    +            P - +3 pair of seven-league boots {Rampage+∞}
Will    +++..        e - amulet of reflection Stlth
                     M - +5 ring of evasion
HPRegen 1.40/turn    Q - +4 ring of protection
MPRegen 0.21/turn

%: reflection, rampage+∞
@: confused, lethally poisoned (-1 -> -2), about to teleport, ambrosia-drunk,
strong-willed, on berserk cooldown, regenerating, slowed, constricted, studying
Axes, very slow
A: fangs 1, strong nose, distributed training
a: Renounce Religion, Berserk, Trog's Hand, Brothers in Arms


You were on level 2 of the Abyss.
You worshipped Trog.
Trog was extremely pleased with you.
You visited 3 branches of the dungeon, and saw 20 of its levels.
You visited the Abyss 1 time.
You also visited: Volcano.

You collected 2278 gold pieces.
You spent 1051 gold pieces at shops.

Inventory:

Hand Weapons
 a - a +1 war axe of flaming (weapon)
 b - a -2 demon whip of venom
Missiles
 q - 6 atropa-tipped darts
 t - 67 poisoned darts
 w - 2 curare-tipped darts
 F - 16 boomerangs (quivered)
 J - 4 darts of dispersal
Armour
 B - a +2 cloak (worn)
 H - the +1 chain mail "Misorphu" (worn) {rPois rF+++ Int-4 SInv}
   (You bought it in a shop on level 10 of the Dungeon)

   Int-4:     It affects your intelligence (-4).
   rF+++:     It renders you almost immune to fire.
   rPois:     It protects you from poison SInv: It lets you see invisible.
 I - a +0 kite shield (worn)
 P - the +3 pair of seven-league boots (worn) {Rampage+∞}
   (You acquired it on level 5 of the Lair of Beasts)

   Rampage+∞: When moving toward enemies, its wearer moves as far as possible,
   alerting their target en route.
Jewellery
 e - an amulet of reflection (around neck)
 M - a +5 ring of evasion (left hand)
 N - a ring of protection from cold
 Q - a +4 ring of protection (right hand)
Wands
 d - a wand of polymorph (23)
 m - a wand of roots (6)
 u - a wand of acid (8)
 z - a wand of charming (4)
 E - a wand of mindburst (14)
 O - a wand of digging (3)
Scrolls
 g - 4 scrolls of teleportation
 l - 3 scrolls of fog
 n - 4 scrolls of fear
 o - a scroll of vulnerability
 p - 3 scrolls of blinking
 r - 12 scrolls of identify
 s - 3 scrolls of revelation
 y - 3 scrolls of poison
 A - 2 scrolls of butterflies
 C - a scroll of immolation
 D - 2 scrolls of enchant weapon
Potions
 c - 3 potions of magic
 f - 2 potions of enlightenment
 h - 2 potions of ambrosia
 j - 9 potions of curing
 k - 2 potions of attraction
 v - 3 potions of might
 x - 2 potions of haste
 G - 2 potions of mutation
 K - a potion of cancellation {unknown}
 L - a potion of lignification


   Skills:
 + Level 12.4 Fighting
 + Level 10.7 Short Blades
 + Level 10.7 Long Blades
 + Level 12.9 Axes
 + Level 10.7 Maces & Flails
 + Level 10.7 Polearms
 + Level 10.7 Staves
 + Level 10.7 Ranged Weapons
 + Level 10.7 Throwing
 + Level 11.6 Armour
 + Level 11.6 Dodging
 + Level 10.7 Stealth
 + Level 10.7 Shields
 + Level 10.7 Unarmed Combat
 + Level 10.7 Spellcasting
 + Level 9.0 Conjurations
 + Level 9.0 Hexes
 + Level 9.0 Summonings
 + Level 9.0 Necromancy
 + Level 9.0 Translocations
 + Level 9.0 Transmutations
 + Level 9.0 Fire Magic
 + Level 9.0 Ice Magic
 + Level 9.0 Air Magic
 + Level 9.0 Earth Magic
 + Level 9.0 Poison Magic
 + Level 11.6 Invocations
 + Level 10.7 Evocations
 + Level 9.8 Shapeshifting


You had 35 spell levels left.
You didn't know any spells.
Your spell library was empty.

Dungeon Overview and Level Annotations

Branches:
Dungeon (14/15)            Temple (0/1) D:4            Lair (5/5) D:9
 Shoals (0/4) Lair:2       Spider (0/4) Lair:3        Slime (0/5) Lair:4
    Orc (1/2) D:12        Volcano (visited)
 Vaults: D:13-14

Altars:
Elyvilon
Fedhas
Hepliaklqana
Kikubaaqudgha
Nemelex Xobeh
Yredelemnul
Zin
The Shining One
Jiyva

Shops:
D:5 *[!   D:10 [

Annotations:
D:14 Louise


Innate Abilities, Weirdness & Mutations

You have very sharp teeth.
Your uncanny sense of smell can sniff out nearby items.
Your experience applies equally to all skills.


Message History

You block the naga warrior's attack. The quasit bites you.
* * * LOW HITPOINT WARNING * * *
You block the quasit's attack. The quasit misses you.
The naga warrior roars a battlecry!
The naga warrior goes into a battle-frenzy!
The naga warrior constricts you.
* * * LOW HITPOINT WARNING * * *
A raiju comes into view.
You block the naga warrior's attack. The quasit barely misses you.
The quasit claws you but does no damage.
The quasit misses you.
Unknown command.
Unknown command.
Unknown command.
You hit the quasit.
The quasit is heavily wounded.
You hit the naga warrior. You burn the naga warrior.
You barely miss the naga warrior. The naga warrior spits poison at you.
The splash of poison hits you but does no damage.
You are poisoned.
You resist. The naga warrior constricts you.
The naga warrior hits you with a +0 halberd!!
* * * LOW HITPOINT WARNING * * *
Unknown command.
Unknown command.
Okay, then.
Unknown command.
Unknown command.
You are confused.
You feel invigorated.
You feel sick.
The quasit looks more healthy.
The naga warrior completely misses you. The naga warrior constricts you.
* * * LOW HITPOINT WARNING * * *
The naga warrior spits poison at you.
The splash of poison hits you but does no damage.
You resist.
The guardian serpent casts a spell at you.
The bolt of poison hits the quasit.
The bolt of poison misses you. The naga warrior misses you.
The naga warrior constricts you.
You die...

#.. # .. # #
#.## #. .#
#..## #. ...
#.##§§# ..
...#
#....#...§####
.#... . . .
...#..####h..#
. # . ..
#..N##5S§ . ..
#.##...#N@.# #
# ...#...
###s# ##....##
.§# .#..# # ##
....## . .
###. . # # . #
# .# .


You could see 2 naga warriors, a guardian serpent, an orb spider (charged), a
raiju and a quasit.

Vanquished Creatures
  A tentacled starspawn (Abyss:2)
  Kirke (Lair:4)
  Nessos (Lair:3)
  An ettin (Orc:1)
  A fire dragon (D:14)
  10 hydras
  4 catoblepae
  Erica (Lair:2)
  3 centaur warriors (D:13)
  4 boulder beetles
  5 two-headed ogres
  13 death yaks
  Nergalle (Lair:3)
  3 skysharks
  Amaemon (Lair:1)
  2 skeletal warriors (Volcano)
  Lodul (D:11)
  A pharaoh ant (Lair:3)
  An anaconda skeleton (Volcano)
  Pikel (D:6)
  An ugly thing (D:12)
  A worldbinder (Abyss:2)
  5 manticores
  An alligator skeleton (Volcano)
  13 elephants
  12 cane toads
  6 black mambas
  2 torpor snails
  3 gargoyles (Volcano)
  7 komodo dragons
  An efreet (D:13)
  Jeremiah (D:7)
  3 rime drakes
  4 kobold demonologists
  7 trolls
  A polar bear (Lair:3)
  Prince Ribbit (D:6)
  A large abomination (Abyss:2)
  18 blink frogs
  A tarantella (Lair:3)
  4 dream sheep
  Sigmund (D:3)
  3 flying skulls (Volcano)
  4 slime creatures (D:14)
  A vampire (D:10)
  3 wraiths
  8 wyverns
  71 yaks
  4 hogs (Lair:4)
  7 basilisks
  A steam dragon (Lair:3)
  A warg (Orc:1)
  Edmund (D:5)
  9 vampire mosquitoes
  3 acid dragons
  2 swamp worms (D:9)
  17 water moccasins
  Duvessa (D:6)
  10 orc warriors
  2 sky beasts (D:8)
  2 ice beasts
  6 black bears
  14 ogres
  25 wolves
  5 centaurs
  2 lemures (D:6)
  A phantom (D:5)
  11 kobold brigands
  14 bullfrogs
  A necrophage (D:4)
  2 gnoll sergeants (D:8)
  3 scorpions
  A water moccasin zombie (D:4)
  Dowan (D:6)
  9 wights
  6 killer bees (D:9)
  An electric eel (Lair:5)
  7 howler monkeys
  2 jellies (Lair:4)
  A human zombie (D:4)
  Crazy Yiuf (D:6)
  6 hounds
  2 orc priests
  3 sleepcaps
  3 iguanas
  2 scorpion zombies (D:4)
  Terence (D:3)
  6 orc wizards
  3 naga skeletons (Volcano)
  3 hound zombies (D:4)
  A mummy (D:4)
  13 gnolls
  8 adders
  A shadow imp (D:5)
  5 white imps
  2 ufetubi (D:5)
  2 adder zombies (D:4)
  A worm (D:2)
  2 dart slugs (D:5)
  38 orcs
  6 ball pythons
  5 bats
  6 endoplasms
  2 giant cockroaches
  5 hobgoblins
  3 jackals
  5 quokkas
  6 frilled lizards
  6 goblins
  46 kobolds
  5 rats
610 creatures vanquished.

Vanquished Creatures (collateral kills)
  The ghost of Bahuunn the Protected, a journeyman MiFi of Uskayaw (Orc:1)
  3 death yaks (Lair:2)
  An orange demon (Lair:1)
  A troll (Orc:1)
  An orc warrior (Orc:1)
7 creatures vanquished.

Vanquished Creatures (others)
  A yak (Lair:3)
  A kobold (D:6)
  A starspawn tentacle (Abyss:2)
3 creatures vanquished.

Grand Total: 620 creatures vanquished

Notes
Turn   | Place    | Note
-------+----------+-------------------------------------------
     0 | D:1      | jejorda2 the Gnoll Berserker began the quest for the Orb.
     0 | D:1      | Reached XP level 1. HP: 23/23 MP: 1/1
   121 | D:1      | Reached XP level 2. HP: 27/29 MP: 2/2
   773 | D:2      | Reached XP level 3. HP: 35/35 MP: 3/3
   820 | D:2      | Reached skill level 1 in Short Blades
   820 | D:2      | Reached skill level 1 in Long Blades
   820 | D:2      | Reached skill level 1 in Maces & Flails
   820 | D:2      | Reached skill level 1 in Polearms
   820 | D:2      | Reached skill level 1 in Staves
   820 | D:2      | Reached skill level 1 in Ranged Weapons
   820 | D:2      | Reached skill level 1 in Throwing
   820 | D:2      | Reached skill level 1 in Stealth
   820 | D:2      | Reached skill level 1 in Shields
   820 | D:2      | Reached skill level 1 in Unarmed Combat
   820 | D:2      | Reached skill level 1 in Spellcasting
   820 | D:2      | Reached skill level 1 in Invocations
   820 | D:2      | Reached skill level 1 in Evocations
   820 | D:2      | Reached skill level 1 in Shapeshifting
   820 | D:2      | Reached XP level 4. HP: 27/41 MP: 5/5
   831 | D:2      | Reached skill level 1 in Conjurations
   831 | D:2      | Reached skill level 1 in Hexes
   831 | D:2      | Reached skill level 1 in Summonings
   831 | D:2      | Reached skill level 1 in Necromancy
   831 | D:2      | Reached skill level 1 in Translocations
   831 | D:2      | Reached skill level 1 in Transmutations
   831 | D:2      | Reached skill level 1 in Fire Magic
   831 | D:2      | Reached skill level 1 in Ice Magic
   831 | D:2      | Reached skill level 1 in Air Magic
   831 | D:2      | Reached skill level 1 in Earth Magic
   831 | D:2      | Reached skill level 1 in Poison Magic
   860 | D:2      | Reached ** piety under Trog
  1478 | D:3      | Reached XP level 5. HP: 47/47 MP: 6/6
  1620 | D:3      | Noticed Terence
  1628 | D:3      | Killed Terence
  1926 | D:3      | Noticed Sigmund
  1967 | D:3      | Killed Sigmund
  1968 | D:3      | Reached skill level 5 in Armour
  1968 | D:3      | Reached skill level 5 in Dodging
  1968 | D:3      | Reached XP level 6. HP: 10/53 MP: 7/9
  2167 | D:3      | HP: 2/53 [gnoll/+0 flail (4)]
  2804 | D:4      | Reached XP level 7. HP: 59/59 MP: 10/10
  3052 | D:4      | Found a staircase to the Ecumenical Temple.
  3403 | D:4      | Found a basalt altar of Yredelemnul.
  3615 | D:5      | Entered Level 5 of the Dungeon
  3622 | D:5      | Reached XP level 8. HP: 67/67 MP: 12/12
  3753 | D:5      | Found a blossoming altar of Fedhas.
  3843 | D:5      | Found Goilawaj's Armour Shop.
  3874 | D:5      | Found Zonenyi's Assorted Antiques.
  4064 | D:5      | Found a white marble altar of Elyvilon.
  4149 | D:5      | Reached *** piety under Trog
  4226 | D:5      | Found Osmuk's Distillery.
  4229 | D:5      | Bought a potion of curing for 45 gold pieces
  4265 | D:5      | Found a hazy altar of Hepliaklqana.
  4266 | D:5      | Noticed Edmund
  4287 | D:5      | Killed Edmund
  4288 | D:5      | Found a faded altar of an unknown god.
  4521 | D:6      | Noticed Prince Ribbit
  4542 | D:6      | Killed Prince Ribbit
  4934 | D:6      | Reached XP level 9. HP: 73/73 MP: 14/14
  4993 | D:6      | Noticed Duvessa
  4994 | D:6      | Noticed Dowan
  4995 | D:6      | Noticed Pikel
  5017 | D:6      | Killed Pikel
  5032 | D:6      | Killed Duvessa
  5040 | D:6      | Killed Dowan
  5662 | D:6      | Found a runed translucent door.
  5663 | D:6      | Noticed Crazy Yiuf
  5671 | D:6      | Killed Crazy Yiuf
  5672 | D:6      | Reached skill level 5 in Invocations
  5946 | D:7      | Reached XP level 10. HP: 78/80 MP: 17/17
  5955 | D:7      | Noticed Jeremiah
  5970 | D:7      | Killed Jeremiah
  5971 | D:7      | Reached skill level 5 in Short Blades
  5971 | D:7      | Reached skill level 5 in Long Blades
  5971 | D:7      | Reached skill level 5 in Maces & Flails
  5971 | D:7      | Reached skill level 5 in Polearms
  5971 | D:7      | Reached skill level 5 in Staves
  5971 | D:7      | Reached skill level 5 in Ranged Weapons
  5971 | D:7      | Reached skill level 5 in Throwing
  5971 | D:7      | Reached skill level 5 in Stealth
  5971 | D:7      | Reached skill level 5 in Shields
  5971 | D:7      | Reached skill level 5 in Unarmed Combat
  5971 | D:7      | Reached skill level 5 in Spellcasting
  5971 | D:7      | Reached skill level 5 in Evocations
  6124 | D:7      | Found a glowing silver altar of Zin.
  6187 | D:7      | Reached **** piety under Trog
  6719 | D:5      | Bought a shimmering chain mail for 285 gold pieces
  6719 | D:5      | Identified the +4 chain mail "Dotostugh" {rF+} (You bought
                  | it in a shop on level 5 of the Dungeon)
  7211 | D:8      | Found a sparkling altar of Nemelex Xobeh.
  7418 | D:8      | Found an ancient bone altar of Kikubaaqudgha.
  7433 | D:8      | Reached skill level 5 in Shapeshifting
  7743 | D:9      | Found a staircase to the Lair.
  7928 | D:9      | Noticed a two-headed ogre
  7938 | D:9      | Killed a two-headed ogre
  8274 | D:9      | Reached XP level 11. HP: 87/87 MP: 19/19
  8294 | D:9      | Reached skill level 5 in Conjurations
  8294 | D:9      | Reached skill level 5 in Hexes
  8294 | D:9      | Reached skill level 5 in Summonings
  8294 | D:9      | Reached skill level 5 in Necromancy
  8294 | D:9      | Reached skill level 5 in Translocations
  8294 | D:9      | Reached skill level 5 in Transmutations
  8294 | D:9      | Reached skill level 5 in Fire Magic
  8294 | D:9      | Reached skill level 5 in Ice Magic
  8294 | D:9      | Reached skill level 5 in Air Magic
  8294 | D:9      | Reached skill level 5 in Earth Magic
  8294 | D:9      | Reached skill level 5 in Poison Magic
  9352 | D:10     | Entered Level 10 of the Dungeon
  9853 | D:10     | Found Siwarof's Armour Emporium.
 10228 | D:10     | Noticed a two-headed ogre
 10241 | D:10     | Killed a two-headed ogre
 10606 | D:11     | Noticed a boulder beetle
 10622 | D:11     | Killed a boulder beetle
 10842 | D:11     | Noticed Lodul
 10858 | D:11     | Killed Lodul
 10859 | D:11     | Reached XP level 12. HP: 96/96 MP: 22/22
 12169 | D:12     | Found a staircase to the Orcish Mines.
 12251 | D:12     | Noticed a two-headed ogre
 12266 | D:12     | Killed a two-headed ogre
 12354 | D:12     | Found a glowing golden altar of the Shining One.
 12388 | D:12     | Reached skill level 10 in Fighting
 12388 | D:12     | Reached skill level 10 in Axes
 13331 | D:10     | Bought the +1 chain mail "Misorphu" {rPois rF+++ Int-4
                  | SInv} for 721 gold pieces
 13418 | Orc:1    | Entered Level 1 of the Orcish Mines
 13523 | Orc:1    | Noticed an ettin
 13530 | Orc:1    | Killed an ettin
 13589 | Orc:1    | Noticed Bahuunn's ghost (journeyman MiFi)
 13929 | Orc:1    | Found a runed translucent gate.
 13929 | Orc:1    | Found a runed translucent gate.
 13929 | Orc:1    | Found a runed translucent gate.
 14237 | Orc:1    | Killed Bahuunn's ghost
 14411 | Lair:1   | Entered Level 1 of the Lair of Beasts
 14677 | Lair:1   | Reached XP level 13. HP: 104/104 MP: 23/25
 15314 | Lair:1   | Noticed Amaemon
 15321 | Lair:1   | Killed Amaemon
 15636 | Lair:2   | Noticed Erica
 16389 | Lair:2   | Killed Erica
 16922 | Lair:2   | Reached skill level 10 in Armour
 16922 | Lair:2   | Reached skill level 10 in Dodging
 17227 | Lair:2   | Found a staircase to the Shoals.
 17593 | Lair:3   | Noticed Nergalle
 17657 | Lair:2   | Reached XP level 14. HP: 72/113 MP: 25/27
 18157 | Lair:3   | Reached skill level 10 in Invocations
 18222 | Lair:3   | Killed Nergalle
 19502 | Lair:3   | Found a hole to the Spider Nest.
 19563 | Lair:3   | Noticed Nessos
 19576 | Lair:3   | Killed Nessos
 20252 | Lair:4   | Found a dark tunnel.
 20379 | Volcano  | Entered a volcano
 21399 | Lair:4   | Found a runed translucent door.
 21562 | Lair:4   | Found a viscous altar of Jiyva.
 21669 | Lair:4   | Found a staircase to the Slime Pits.
 21764 | Lair:4   | Reached XP level 15. HP: 105/120 MP: 28/28
 21906 | Lair:4   | Noticed Kirke
 21918 | Lair:4   | Killed Kirke
 22208 | Lair:4   | Reached skill level 10 in Short Blades
 22208 | Lair:4   | Reached skill level 10 in Long Blades
 22208 | Lair:4   | Reached skill level 10 in Maces & Flails
 22208 | Lair:4   | Reached skill level 10 in Polearms
 22208 | Lair:4   | Reached skill level 10 in Staves
 22208 | Lair:4   | Reached skill level 10 in Ranged Weapons
 22208 | Lair:4   | Reached skill level 10 in Throwing
 22208 | Lair:4   | Reached skill level 10 in Stealth
 22208 | Lair:4   | Reached skill level 10 in Shields
 22208 | Lair:4   | Reached skill level 10 in Unarmed Combat
 22208 | Lair:4   | Reached skill level 10 in Spellcasting
 22208 | Lair:4   | Reached skill level 10 in Evocations
 23039 | Lair:5   | Entered Level 5 of the Lair of Beasts
 23378 | Lair:4   | Identified a scroll of acquirement
 23378 | Lair:4   | Acquired a manual of Axes
 24001 | Lair:5   | Acquired the +3 pair of seven-league boots {Rampage+∞}
 24001 | Lair:5   | Found the +3 pair of seven-league boots {Rampage+∞}
 24147 | Lair:5   | Reached ***** piety under Trog
 24723 | Lair:5   | Identified the +7 halberd of the Countless Seas {heavy,
                  | rElec rPois SInv Stlth-}
 25334 | D:13     | Identified the +0 robe "Qorom" {Slay+2}
 26095 | D:13     | Identified the amulet "Veg Beso" {Spirit rF+ rN+ Int+2}
 27381 | D:14     | Noticed Louise
 27403 | Abyss:2  | Found a corrupted altar of Lugonu.
 27403 | Abyss:2  | Cast into level 2 of the Abyss (Louise)
 27446 | Abyss:2  | Noticed a tentacled starspawn
 27471 | Abyss:2  | Killed a tentacled starspawn
 27598 | Abyss:2  | Noticed a daeva
 27610 | Abyss:2  | HP: 1/122 [naga warrior/+0 halberd (19)]
 27611 | Abyss:2  | Constricted to death by a naga warrior

Illustrated notes

Levels and vault maps discovered:
D:1:      nicolae_arrival_washed_ashore, layout_loops_ring, bh_walls_and_bars
D:2:      layout_loops_ring, minmay_fractal_squares_5
D:3:      layout_loops_ring, grunt_ministairs_11, uniq_sigmund, uniq_terence
D:4:      layout_loops_ring, lemuel_mausoleum_altar_yredelemnul,
          minmay_temple_entry_wispy, kennysheep_crisscross,
          kennysheep_generic_room_11
D:5:      layout_cave_pools, elyvilon_altar_1,
          mainiacjoe_overflow_cross_hatched,
          beargit_hepliaklqana_dungeon_heroes, serial_shops, shop,
          nicolae_shop_tiny_statue_garden, nicolae_shop_behind_doors
D:6:      layout_basic, uniq_duvessa, uniq_prince_ribbit1, uniq_pikel,
          uniq_crazy_yiuf_cottage
D:7:      layout_rooms, mainiacjoe_overflow_paths, uniq_jeremiah
D:8:      layout_loops_cross, mainiacjoe_overflow_24_doors, tgw_kikubaaqudgha,
          minmay_joined_circles
D:9:      layout_roguey, minmay_lair_entry_grove, kb_lookout_dungeons_type,
          worms_lemuel
D:10:     layout_layer_cave, serial_shops, nicolae_shop_back_alley_shop
D:11:     layout_gridville, uniq_lodul
D:12:     layout_stronghold, david_orc_3, tso_metal_star
D:13:     layout_basic, kennysheep_generic_room_2
D:14:     layout_basic, david_vaults_2, maelrawn_ghost_gauntlet_escape,
          uniq_louise
Lair:1:   layout_long_grid, uniq_amaemon
Lair:2:   layout_gridlike, shoals_dummy_entry, uniq_erica
Lair:3:   layout_cave_shapes, nicolae_spider_entry_lesser_pyramids,
          minmay_shattered_shrine, serial_bayou_shore_a, grunt_megastairs_2,
          uniq_nergalle, uniq_nessos
Lair:4:   layout_small_grid, nicolae_slime_entry_field_trip,
          nicolae_volcano_entry_two_sided, pf_torpor_hydra, uniq_kirke
Lair:5:   evilmike_catoblepas_cave, layout_gridlike, lemuel_fruit_tree,
          infiniplex_staircase_pool
Orc:1:    layout_diamond_mine, gammafunk_ghost_split, nicolae_orc_lava_room
Abyss:2:  base: Lair:5, hangedman_abyss_stitches_cave

Skill      XL: |  1  2  3  4  5  6  7  8  9 10 11 12 13 14 15 |
---------------+----------------------------------------------+-----
Short Blades   | 1 2 3 4 5 6 8 9 10 | 10.7
Long Blades    | 1 2 3 4 5 6 8 9 10 | 10.7
Maces & Flails | 1 2 3 4 5 6 8 9 10 | 10.7
Polearms       | 1 2 3 4 5 6 8 9 10 | 10.7
Staves         | 1 2 3 4 5 6 8 9 10 | 10.7
Ranged Weapons | 1 2 3 4 5 6 8 9 10 | 10.7
Throwing       | 1 2 3 4 5 6 8 9 10 | 10.7
Stealth        | 1 2 3 4 5 6 8 9 10 | 10.7
Shields        | 1 2 3 4 5 6 8 9 10 | 10.7
Unarmed Combat | 1 2 3 4 5 6 8 9 10 | 10.7
Spellcasting   | 1 2 3 4 5 6 8 9 10 | 10.7
Invocations    | 1 2 3 4 5 6 7 8 9 10 11 | 11.6
Evocations     | 1 2 3 4 5 6 8 9 10 | 10.7
Shapeshifting  | 1 2 3 4 5 6 7 8 9 |  9.8
Conjurations   | 1 2 3 4 5 6 7 8 9 |  9.0
Hexes          | 1 2 3 4 5 6 7 8 9 |  9.0
Summonings     | 1 2 3 4 5 6 7 8 9 |  9.0
Necromancy     | 1 2 3 4 5 6 7 8 9 |  9.0
Translocations | 1 2 3 4 5 6 7 8 9 |  9.0
Transmutations | 1 2 3 4 5 6 7 8 9 |  9.0
Fire Magic     | 1 2 3 4 5 6 7 8 9 |  9.0
Ice Magic      | 1 2 3 4 5 6 7 8 9 |  9.0
Air Magic      | 1 2 3 4 5 6 7 8 9 |  9.0
Earth Magic    | 1 2 3 4 5 6 7 8 9 |  9.0
Poison Magic   | 1 2 3 4 5 6 7 8 9 |  9.0
Armour         | 5 6 7 8 9 10 11 | 11.6
Dodging        | 5 6 7 8 9 10 11 | 11.6
Fighting       | 7 8 9 10 11 12 | 12.4
Axes           | 7 8 9 10 11 12 | 12.9

Action                     |  1- 3 |  4- 6 |  7- 9 | 10-12 | 13-15 || total
---------------------------+-------+-------+-------+-------+-------++-------
  Melee: Hand axe          |    70 |   177 |       |       |       ||   247
         Bite              |     4 |    20 |    51 |    81 |   257 ||   413
         Punch             |     1 |       |       |       |       ||     1
         War axe           |       |       |   318 |   659 |   362 ||  1339
         Flail             |       |       |    13 |       |       ||    13
         Demon whip        |       |       |       |       |  1225 ||  1225
  Throw: Dart              |       |       |     1 |    93 |   129 ||   223
         Boomerang         |       |       |       |       |    16 ||    16
 Invoke: Berserk           |       |     5 |     5 |    14 |    27 ||    51
         Trog's Hand       |       |     3 |     3 |     8 |    12 ||    26
         Brothers in Arms  |       |       |       |     1 |     2 ||     3
  Evoke: Wand              |       |       |     1 |     6 |     3 ||    10
    Use: Potion            |       |     2 |       |     2 |     5 ||     9
         Scroll            |       |       |    11 |    13 |     9 ||    33
   Stab: Sleeping          |     1 |       |       |       |     2 ||     3
         Distracted        |       |       |       |       |     1 ||     1
         Petrified         |       |       |       |       |     8 ||     8
 Armour: Leather armour    |    11 |       |       |       |       ||    11
         Scale mail        |    19 |     8 |       |       |       ||    27
         Chain mail        |       |    78 |   198 |   402 |   709 ||  1387
  Dodge: Dodged            |    32 |    61 |   102 |   249 |   444 ||   888
  Block: Other             |    13 |     5 |       |       |       ||    18
         Buckler           |       |    59 |   131 |   371 |    10 ||   571
         Reflection        |       |     2 |     9 |    14 |    11 ||    36
         Kite shield       |       |       |       |       |   973 ||   973

Table legend: (Time is in decaauts)
 A = Elapsed time spent in this place.
 B = Non-inter-level travel time spent in this place.
 C = Inter-level travel time spent in this place.
 D = Time resting spent in this place.
 E = Time spent auto-exploring this place.
 F = Levels seen in this place.
 G = Mean time per level.
                   A        B        C        D        E       F      G
               +--------+--------+--------+--------+--------+-----+--------+
         Total |  27739 |  25803 |   1936 |   4110 |  16360 |  22 | 1260.9 |
       Dungeon |  16174 |  14770 |   1404 |   1510 |  10502 |  14 | 1155.3 |
          Lair |   9812 |   9344 |    468 |   1988 |   5291 |   5 | 1962.4 |
  Orcish Mines |    806 |    743 |     63 |    180 |    386 |   1 |  806.0 |
         Abyss |    211 |    211 |      0 |    116 |      5 |   1 |  211.0 |
       Volcano |    735 |    735 |      0 |    315 |    175 |   1 |  735.0 |
               +--------+--------+--------+--------+--------+-----+--------+

Top non-repeatable levels by time:
  Lair:2: 2442 daAuts
  Lair:4: 2147 daAuts
  Lair:3: 1960 daAuts
    D:13: 1908 daAuts
  Lair:5: 1815 daAuts
     D:8: 1547 daAuts
    D:12: 1486 daAuts
  Lair:1: 1445 daAuts
    D:10: 1442 daAuts
     D:9: 1414 daAuts
    D:11: 1354 daAuts
     D:6: 1229 daAuts
     D:3: 1104 daAuts
     D:4: 1042 daAuts
     D:5: 1006 daAuts
